 Dungeon Crawl Stone Soup version 0.25.0-46-gbd7b0854d2 (webtiles) character file.

Game seed: 2172633265716046091

18 Ethylacetat the Poker (level 2, -2/27 HPs)
             Began as a Naga Gladiator on July 13, 2020.
             Slain by a hobgoblin (3 damage)
             ... on level 1 of the Dungeon.
             The game lasted 00:01:33 (704 turns).

Ethylacetat the Poker (Naga Gladiator)               Turns: 704, Time: 00:01:33

Health: -2/27      AC:  3    Str: 16    XL:     2   Next: 70%
Magic:  2/2        EV: 10    Int:  8    God:
Gold:   45         SH:  0    Dex: 12    Spells: 1/1 levels left

rFire    . . .     SeeInvis +   a - +0 trident
rCold    . . .     Gourm    .   (no shield)
rNeg     + . .     Faith    .   b - +0 leather armour
rPois    +         Spirit   .   c - +0 helmet
rElec    .         Reflect  .   (no cloak)
rCorr    .         Harm     .   (no gloves)
MR       .....                  (no barding)
Stlth    +.........             (no amulet)
HPRegen  0.09/turn              i - ring of positive energy
MPRegen  0.08/turn              (no ring)

@: hasted, quick
A: large, see invisible, deformed body, poison resistance, slowness 2, slow
metabolism 1, spit poison 1, AC +0
a: Spit Poison


You were on level 1 of the Dungeon.
You were not hungry.

You visited 1 branch of the dungeon, and saw 2 of its levels.

You collected 45 gold pieces.

Inventory:

Hand Weapons
 a - a +0 trident (weapon)
Missiles
 d - 3 throwing nets (quivered)
Armour
 b - a +0 leather armour (worn)
 c - a +0 helmet (worn)
Jewellery
 i - a ring of positive energy (left hand)
Scrolls
 g - a scroll of amnesia {unknown}
 j - 2 scrolls of remove curse {unknown}
 k - a scroll of magic mapping {unknown}
Comestibles
 f - a ration


   Skills:
 + Level 2.4 Fighting
 * Level 3.6 Polearms
 - Level 1.7 Throwing
 - Level 2.4 Dodging


You had one spell level left.
You didn't know any spells.
Your spell library was empty.

Dungeon Overview and Level Annotations

Branches:
Dungeon (2/15)

Altars:


Innate Abilities, Weirdness & Mutations

You cannot wear boots.
Your serpentine skin is tough. (AC +0)
You have supernaturally acute eyesight. (SInv)
Armour fits poorly on your strangely shaped body.
Your system is resistant to poisons. (rPois)
You cover ground very slowly.
You have a slow metabolism.
You can spit poison.


Message History

The hobgoblin closely misses you.
You miss the adder. The adder bites you. The hobgoblin barely misses you.
The hobgoblin completely misses you. The adder barely misses you.
You miss the adder. The hobgoblin barely misses you.
The hobgoblin hits you but does no damage.
The adder barely misses you.
You closely miss the adder.
You have got your breath back.
The adder bites you.
The hobgoblin hits you but does no damage.
The hobgoblin hits you.
* * * LOW HITPOINT WARNING * * *
The adder bites you.
* * * LOW HITPOINT WARNING * * *
It was a potion of haste.
You feel yourself speed up. The hobgoblin hits you with a +0 club.
* * * LOW HITPOINT WARNING * * *
The hobgoblin closely misses you. The adder bites you but does no damage.
You closely miss the adder. The hobgoblin hits you.
You die...

#'#.###...##.........#######.####
#.#.............................#
#'#######...........########.##.#
........#.....##..### #.##.#
#######.#.###+##...#########.##.#
.....#..#..#...#...........#.##.#
#####.#.#..#...#...#######.#.##.#
.....##.#......#...#.........##.#
#'###.#.#.......@g.#.#####.####.#
....#.#.#.......gS.#.#####.####.#
....#.#.###...................#.#
.<..+.#.+.'...####.#).###........
....#.#.###...# #.#..# #..#.....
....#.#.# #...# ##.#..###.......#
#+###.#.# #.#.# #..............##
.....##.# #...###..#..##..##.#.##
#####.#.# #........#..##..##.#.##


You could see an adder and 2 hobgoblins.

Vanquished Creatures
  A ball python (D:1)
  2 giant cockroaches (D:1)
  3 goblins (D:1)
  A hobgoblin (D:1)
  5 kobolds (D:1)
  2 bats (D:1)
  A frilled lizard (D:1)
  A rat (D:1)
16 creatures vanquished.

Notes
Turn   | Place    | Note
-------+----------+-------------------------------------------
     0 | D:1      | Ethylacetat the Naga Gladiator began the quest for the Orb.
     0 | D:1      | Reached XP level 1. HP: 19/19 MP: 1/1
   104 | D:1      | Reached XP level 2. HP: 23/26 MP: 2/2
   703 | D:1      | HP: 1/27 [hobgoblin/+0 club (4)]
   704 | D:1      | Slain by a hobgoblin

Illustrated notes

Levels and vault maps discovered:
D:1:      matt_arrival_los_fun, layout_basic
D:2:      layout_rooms, cheibriados_altar_1, uniq_crazy_yiuf_cottage, uniq_robin

Action                   || total
-------------------------++-------
Melee: Trident           ||    46
 Abil: Spit Poison       ||     1
  Use: Potion            ||     1
Armor: Leather armour    ||    10
Dodge: Dodged            ||    36
